 Dungeon Crawl Stone Soup version 0.30.1-11-g7821555f0a (webtiles) character file.

Game seed: 10164126076826950548

60 draconitix the Chopper (level 3, 0/49 HPs)
             Began as a Minotaur Berserker on Nov 13, 2023.
             Was a Believer of Trog.
             Slain by Crazy Yiuf
             ... wielding a +3 quarterstaff of chaos
              (1 damage)
             ... on level 2 of the Dungeon.
             The game lasted 00:11:04 (1980 turns).

draconitix the Chopper (Minotaur Berserker)         Turns: 1980, Time: 00:11:05

Health: 0/49       AC:  5    Str: 23    XL:     3   Next: 80%
Magic:  2/2        EV: 11    Int:  4    God:    Trog [**....]
Gold:   95         SH:  0    Dex:  9    Spells: 2/2 levels left

rFire   . . .        a - +0 hand axe
rCold   . . .        (no shield)
rNeg    . . .        e - +0 ring mail
rPois   .            (helmet restricted)
rElec   .            (no cloak)
rCorr   .            (no gloves)
SInv    .            (no boots)
Will    .....        (no amulet) Stlth
                     (no ring)
HPRegen 0.28/turn    (no ring)
MPRegen 0.08/turn

%: no passive effects
@: berserking, lethally poisoned (0 -> -5), very quick
A: horns 2, retaliatory headbutt
a: Renounce Religion, Berserk, Trog's Hand


You were on level 2 of the Dungeon.
You worshipped Trog.
Trog was pleased with you.
You visited 1 branch of the dungeon, and saw 2 of its levels.

You collected 95 gold pieces.

Inventory:

Hand Weapons
 a - a +0 hand axe (weapon)
 g - a +0 sling
Missiles
 l - 3 poisoned darts (quivered)
Armour
 b - a +0 animal skin
 e - a +0 ring mail (worn)
 f - a +0 leather armour
Scrolls
 d - a scroll of enchant weapon {unknown}
 k - a scroll of identify {unknown}
 n - a scroll of magic mapping {unknown}
 p - a scroll of fear {unknown}
Potions
 c - 2 potions of magic {unknown}
 h - a potion of ambrosia {unknown}
 i - a potion of might {unknown}
 j - a potion of degeneration {unknown}
 m - a potion of flight {unknown}
 o - a potion of lignification {unknown}


   Skills:
 - Level 3.9 Fighting
 + Level 5.6 Axes
 - Level 2.4 Armour
 - Level 2.2 Dodging


You had 2 spell levels left.
You didn't know any spells.
Your spell library contained the following spells:

 Spells                   Type           Power      Damage    Failure   Level
 Freeze                   Ice            0%         1d3       65%         1
 Blink                    Tloc           0%         N/A       80%         2
 Lesser Beckoning         Tloc           0%         N/A       80%         2
 Momentum Strike          Conj/Tloc      0%         3d8       80%         2
 Frozen Ramparts          Ice            0%         1d1       95%         3
 Hailstorm                Conj/Ice       0%         3d3       95%         3


Dungeon Overview and Level Annotations

Branches:
Dungeon (2/15)

Altars:

Annotations:
D:2 Crazy Yiuf


Innate Abilities, Weirdness & Mutations

You have a pair of horns on your head.
You reflexively headbutt those who attack you in melee.


Message History

n - a scroll labelled ZOCOORAC ATAH
Found 12 gold pieces.
Found a fuming amethyst potion.
You now have 95 gold pieces (gained 12).
o - a fuming amethyst potion
There is a stone staircase leading down here.
A dart slug comes into view.
Found a scroll labelled YKAHY GASCHOSSIGUM.
The dart slug launches a dart at you. The slug dart hits you.
You hit the dart slug.
The dart slug is lightly wounded.
The dart slug bites you but does no damage.
You hit the dart slug. You headbutt the dart slug.
You kill the dart slug!
Trog accepts your kill.
p - a scroll labelled YKAHY GASCHOSSIGUM You open the door.
There is an open door here.
There is an escape hatch in the floor here.
There is an escape hatch in the floor here.
There is a stone staircase leading up here.
Found a hammer.
Found a runed translucent door.
Crazy Yiuf shouts!
Crazy Yiuf says, "Leather light wrapper!"
You open the door. You hit Crazy Yiuf but do no damage.
Your headbutt misses Crazy Yiuf.
Crazy Yiuf hits you with a +3 quarterstaff of chaos!
You are poisoned.
You closely miss Crazy Yiuf.
You feel very sick.
Crazy Yiuf hits you with a +3 quarterstaff of chaos!
Crazy Yiuf burns you.
* * * LOW HITPOINT WARNING * * *
A red film seems to cover your vision as you go berserk!
You feel yourself moving faster!
You feel mighty!
You feel sick.
Crazy Yiuf hits you with a +3 quarterstaff of chaos!
* * * LOW HITPOINT WARNING * * *
Crazy Yiuf freezes you.
You die...

...................##......# #..#
......########...####......# #..#
...........................###.##
.)......################........#
........# #..####..# ........#
#........# .....>..##♣♣ ###
#..#####.# ...........♣♣ ♣♣#..)#
#..<.....# ............♣♣♣♣@g...#
#........# .............♣..♣#...#
#......... ####.#.#....♣.♣♣♣ ###
########.# ........##♣♣♣♣♣
#......#.. ........# ######.#..
........################# #.##.
...............##.##..#'#####.#..
..........#....##.#........##.###
...............##.#........##.###


You could see Crazy Yiuf.

Vanquished Creatures
  An adder (D:2)
  A worm (D:1)
  6 dart slugs
  4 bats
  3 endoplasms (D:1)
  A giant cockroach (D:1)
  A goblin (D:1)
  3 hobgoblins
  3 kobolds
  3 quokkas (D:1)
  A ball python (D:2)
  4 frilled lizards (D:1)
  4 rats (D:1)
35 creatures vanquished.

Notes
Turn   | Place    | Note
-------+----------+-------------------------------------------
     0 | D:1      | draconitix the Minotaur Berserker began the quest for the
                  | Orb.
     0 | D:1      | Reached XP level 1. HP: 19/19 MP: 0/0
   183 | D:1      | Reached skill level 4 in Axes
   217 | D:1      | Reached XP level 2. HP: 27/27 MP: 1/1
   436 | D:1      | Reached ** piety under Trog
   437 | D:1      | Reached XP level 3. HP: 20/33 MP: 2/2
   788 | D:1      | Reached skill level 5 in Axes
  1973 | D:2      | Found a runed translucent door.
  1974 | D:2      | Noticed Crazy Yiuf
  1980 | D:2      | HP: 1/49 [Crazy Yiuf/+3 quarterstaff of chaos (9)]
  1980 | D:2      | Slain by Crazy Yiuf

Illustrated notes

Levels and vault maps discovered:
D:1:      dpeg_arrival_brainrot, layout_rooms, minmay_misc_feat_rugged,
          wander_ebering_terrifying_dragon_lair
D:2:      layout_basic, minmay_fountain_box, amcnicky_mini_corridor_feature,
          uniq_crazy_yiuf_cottage

Skill      XL: |  1  2  3 |
---------------+----------+-----
Axes           | 4 5 |  5.6
Fighting       | |  3.9
Armour         | |  2.4
Dodging        | |  2.2

Action                     || total
---------------------------++-------
  Melee: Hand axe          ||    64
         Headbutt          ||     7
 Invoke: Berserk           ||     1
 Armour: Animal skin       ||     8
         Ring mail         ||     6
  Dodge: Dodged            ||    27
